 Dungeon Crawl Stone Soup version 0.31-a0-700-gf13585253f (webtiles) character file.

Game seed: 14369961616988637827

56 qw the Shooter (level 3, 0/22 HPs)
             Began as a Gargoyle Hunter on Sept 7, 2023.
             Slain by a worm (4 damage)
             ... on level 2 of the Dungeon.
             The game lasted 00:00:30 (1179 turns).

qw the Shooter (Gargoyle Hunter)                    Turns: 1179, Time: 00:00:31

Health: 0/22       AC:  8    Str: 13 (14) XL:     3   Next: 95%
Magic:  3/3        EV: 10    Int:  6 (9)  God:
Gold:   118        SH:  0    Dex: 14 (15) Spells: 2/2 levels left

rFire   . . .        Y - +1 shortbow
rCold   . . .        (shield currently unavailable)
rNeg    + . .        f - +0 ring mail
rPois   inf          (no helmet)
rElec   +            (no cloak)
rCorr   .            (no gloves)
SInv    .            (no boots)
Will    .....        (no amulet)
Stlth   +            (no ring)
HPRegen 0.23/turn    (no ring)
MPRegen 0.08/turn

%: no passive effects
@: no status effects
A: sickness immunity, AC +3, negative energy resistance 1, electricity
resistance, torment resistance 1, petrification resistance
a: no special abilities


You were on level 2 of the Dungeon.
You visited 1 branch of the dungeon, and saw 2 of its levels.

You collected 118 gold pieces.


Innate Abilities, Weirdness & Mutations

You are immune to sickness and miasma.
Your stone body is resilient. (AC +3)
You are immune to poison.
You resist negative energy. (rN+)
You are resistant to electric shocks. (rElec)
You are resistant to unholy torment.
You are immune to petrification.


   Skills:
 + Level 2.9 Fighting
 - Level 5.0 Ranged Weapons
 - Level 1.0 Armour
 - Level 1.5 Dodging
 - Level 1.1 Stealth


You had 2 spell levels left.
You didn't know any spells.
Your spell library was empty.

Inventory:

Hand Weapons
 Y - a +1 shortbow (weapon)
Armour
 f - a +0 ring mail (worn)
Scrolls
 a - a scroll of identify
Potions
 g - a potion of magic {unknown}
 l - a potion of curing {unknown}

Dungeon Overview and Level Annotations

Branches:
Dungeon (2/15)

Altars:


Message History

Found a cyan potion.
The kobold throws a stone.
The stone hits you but does no damage.
You shoot an arrow. The arrow hits the worm.
The worm is lightly wounded.
An adder comes into view.
You shoot an arrow. The arrow closely misses the kobold.
The arrow closely misses the adder.
The adder hisses angrily.
The kobold throws a stone.
The stone hits you but does no damage.
You shoot an arrow. The arrow barely misses the worm.
You shoot an arrow. The arrow hits the kobold.
The kobold is severely wounded.
You shoot an arrow. The arrow hits the kobold.
You kill the kobold!
You shoot an arrow.
The arrow hits the adder but does no damage.
The adder bites you but does no damage.
You shoot an arrow. The arrow barely misses the adder.
The adder barely misses you.
You shoot an arrow. The arrow barely misses the adder.
The adder barely misses you. The adder bites you. The worm bites you.
You shoot an arrow. The arrow misses the adder.
The adder completely misses you. The worm closely misses you.
You shoot an arrow. The arrow hits the adder.
The adder is moderately wounded.
The adder bites you but does no damage. The adder bites you.
You shoot an arrow. The arrow closely misses the adder.
The adder closely misses you. The worm bites you! The adder closely misses you.
You shoot an arrow. The arrow hits the adder.
The adder is heavily wounded.
The adder bites you but does no damage. The worm bites you but does no damage.
You shoot an arrow. The arrow hits the adder.
The adder is almost dead.
The adder barely misses you. The adder bites you but does no damage.
The worm bites you.
You shoot an arrow. The arrow barely misses the adder.
The adder bites you but does no damage. x2
You shoot an arrow. The arrow closely misses the adder.
The adder closely misses you. The worm bites you.
You die...

#. ....##...##.# #.
............# # #.
########.#### .#.##.
#...# ......#### #...#
#.......##### #...#
#..##.....).# #...#
#..##.#.###.###...####
#....@#.##%...........
<.....Sw#.......<.......
.###.)..#..#............
#.......##.#.#....###
...$........#.#..<.#
..).....###.##.#....#
#.......## ## #.#....#
.!......# #......#
####.###


You could see a worm and an adder.

Vanquished Creatures
  2 worms (D:2)
  A dart slug (D:1)
  An orc (D:2)
  4 ball pythons (D:1)
  6 endoplasms (D:1)
  A giant cockroach (D:2)
  3 hobgoblins (D:1)
  4 jackals (D:1)
  3 quokkas (D:1)
  A bat (D:1)
  5 frilled lizards
  4 goblins
  6 kobolds
  2 rats (D:1)
43 creatures vanquished.

Notes
Turn   | Place    | Note
-------+----------+-------------------------------------------
     0 | D:1      | qw the Gargoyle Hunter began the quest for the Orb.
     0 | D:1      | Reached XP level 1. HP: 12/12 MP: 1/1
     0 | D:1      | 0 ||| qw: Version: 0.3-a-76-g4403597
     0 | D:1      | 0 ||| qw: Game counter: 662
     0 | D:1      | 0 ||| qw: Melee chars always use a shield: true
     0 | D:1      | 0 ||| qw: God list: Okawaru
     0 | D:1      | 0 ||| qw: Allow faded altars: false
     0 | D:1      | 0 ||| qw: Do Orc after clearing Dungeon:15 true
     0 | D:1      | 0 ||| qw: Do second Lair branch before Depths: true
     0 | D:1      | 0 ||| qw: Lair rune preference: random
     0 | D:1      | 0 ||| qw: Goals: Normal
     0 | D:1      | 0 ||| PLANNING D:1-11
   162 | D:1      | Reached XP level 2. HP: 14/17 MP: 2/2
   458 | D:1      | Reached XP level 3. HP: 21/21 MP: 3/3
   474 | D:1      | Reached skill level 5 in Ranged Weapons
   836 | D:1      | 836 ||| Stepping ~*~*~tactically~*~*~ (outnumbered).
   838 | D:1      | 838 ||| Stepping ~*~*~tactically~*~*~ (outnumbered).
   919 | D:1      | 919 ||| UPGRADING to +0 ring mail.
   929 | D:1      | 929 ||| DROPPING +0 leather armour.
   930 | D:1      | 930 ||| READING 2 scrolls labelled SADWIKAMIA.
   931 | D:1      | 931 ||| READING 2 scrolls labelled RUTIDAOSYU.
   932 | D:1      | 932 ||| READING scroll labelled LUOGOQ ILUDI.
   933 | D:1      | 933 ||| READING 2 scrolls labelled HOSEDUTYSU.
  1034 | D:1      | 1034 ||| READING scroll labelled JEFYUW MAUJUCS.
  1035 | D:1      | 1035 ||| DRINKING 2 glowing ruby potions.
  1036 | D:1      | 1036 ||| DROPPING scroll of butterflies.
  1037 | D:1      | 1037 ||| DROPPING scroll of fear.
  1038 | D:1      | 1038 ||| DROPPING scroll of silence.
  1039 | D:1      | 1039 ||| DROPPING potion of degeneration.
  1139 | D:2      | Reached skill level 1 in Armour
  1177 | D:2      | HP: 4/22 [worm (4)]
  1179 | D:2      | Slain by a worm

Levels and vault maps discovered:
D:1:      psy_arrival_fountain, layout_loops_corners, st_stairs_11
D:2:      layout_loops_cross, serial_shops, shop, minmay_diced_spiral

Skill      XL: |  1  2  3 |
---------------+----------+-----
Ranged Weapons | 5 |  5.0
Armour         | 1 |  1.0
Fighting       | |  2.9
Dodging        | |  1.5
Stealth        | |  1.1

Action                     || total
---------------------------++-------
   Fire: Shortbow          ||   123
    Use: Scroll            ||     5
         Potion            ||     1
 Armour: Leather armour    ||    11
         Ring mail         ||    20
  Dodge: Dodged            ||    25

Table legend:
 A = Non-vault XP
 B = Vault XP
 C = Vault XP percentage of total XP
 D = Non-vault monster count
 E = Vault monster count
 F = Vault count percentage of total count
                 A         B        C        D         E       F
            +---------+---------+-------+---------+---------+-------
      Total |      76 |       4 |   5.0 |      40 |       3 |   7.0
            +---------+---------+-------+---------+---------+-------
        D:1 |      56 |       4 |   6.7 |      32 |       3 |   8.6
        D:2 |      20 |       0 |   0.0 |       8 |       0 |   0.0
            +---------+---------+-------+---------+---------+-------
